 Dungeon Crawl Stone Soup version 0.26.1-11-gd32895ea62 (webtiles) character file.

Game seed: 8615387207767560961

206 Bergy the Cudgeller (level 5, -6/32 HPs)
             Began as a Gargoyle Fighter on July 16, 2021.
             Killed by divine providence
             ... invoked by an orc priest
              (14 damage)
             ... on level 3 of the Dungeon.
             The game lasted 00:07:44 (2843 turns).

Bergy the Cudgeller (Gargoyle Fighter)              Turns: 2843, Time: 00:07:44

Health: -6/32      AC: 10    Str: 20    XL:     5   Next: 84%
Magic:  5/5        EV:  7    Int:  9    God:
Gold:   177        SH:  9    Dex:  9    Spells: 4/4 levels left

rFire    x . .     SeeInvis .   a - +0 flail
rCold    + . .     Faith    .   c - +0 kite shield
rNeg     + . .     Spirit   .   b - +0 scale mail
rPois    ∞         Reflect  .   (no helmet)
rElec    +         Harm     .   (no cloak)
rCorr    .         Rampage  .   (no gloves)
Will     .....                  (no boots)
Stlth    ..........             (no amulet)
HPRegen  0.10/turn              h - ring of ice
MPRegen  0.09/turn              (no ring)

@: no status effects
A: negative energy resistance 1, electricity resistance, unbreathing,
petrification resistance, miasma immunity, AC +4
a: no special abilities


You were on level 3 of the Dungeon.
You visited 1 branch of the dungeon, and saw 3 of its levels.

You collected 177 gold pieces.

Inventory:

Hand Weapons
 a - a +0 flail (weapon)
Armour
 b - a +0 scale mail (worn)
 c - a +0 kite shield (worn)
Jewellery
 h - a ring of ice (left hand)
Wands
 r - a wand of random effects (14)
Scrolls
 e - a scroll of teleportation {unknown}
 g - 2 scrolls of enchant weapon {unknown}
 k - a scroll of blinking {unknown}
 l - a scroll of identify {unknown}
 o - 4 scrolls of remove curse
 p - a scroll of noise {unknown}
 q - a scroll of magic mapping {unknown}
Potions
 d - a potion of might
 f - 4 potions of curing
 i - a potion of degeneration {unknown}
 j - a potion of haste {unknown}
 m - a potion of heal wounds {unknown}
 n - a potion of ambrosia {unknown}
 t - a potion of attraction {unknown}


   Skills:
 - Level 3.2 Fighting
 * Level 5.9 Maces & Flails
 - Level 3.2 Armour
 - Level 3.2 Shields


You had 4 spell levels left.
You didn't know any spells.
Your spell library was empty.

Dungeon Overview and Level Annotations

Branches:
Dungeon (3/15)

Altars:
Uskayaw
Wu Jian


Innate Abilities, Weirdness & Mutations

You are resistant to torment.
Your stone body is resilient. (AC +4)
You are immune to poison.
You resist negative energy. (rN+)
You are resistant to electric shocks. (rElec)
You can survive without breathing.
You are immune to petrification.
You are immune to miasma.


Message History

You hit the orc priest.
The orc priest is lightly wounded.
You block the orc priest's attack.
You hit the orc priest.
The orc priest is heavily wounded.
The orc priest completely misses you.
You hit the orc priest but do no damage.
The orc priest is heavily wounded.
The orc priest closely misses you.
You barely miss the orc priest.
The orc priest is heavily wounded.
You hit the orc priest.
The orc priest is severely wounded.
The orc priest hits you with a +0 mace.
* * * LOW HITPOINT WARNING * * *
You hit the orc priest.
The orc priest is severely wounded.
The orc priest invokes the aid of Beogh against you.
Beogh smites you!
You die...

#.......###.# ##.....#
#.......# #.###########.#
#.......###.........# #.#
#.......=...........# #.#
#........##.........# #.#
#........##.).......# #.#
#.....†........##.........# #.#
#.#######..###.##.........###..
##..###@###.....)..#....
.......o.##.......†#....
.........##.....(..#....
.........##........#####
.........##........#
.........##........###
.........#########...#
.........# ##...## .........#
#.....#


You could see an orc priest.

Vanquished Creatures
  An orc wizard (D:3)
  2 adders
  4 gnolls (D:2)
  2 oozes (D:3)
  4 worms
  2 leopard geckos (D:1)
  11 orcs (D:3)
  4 giant cockroaches
  9 goblins
  11 hobgoblins
  9 jackals
  6 kobolds
  4 quokkas
  6 bats
  4 frilled lizards
  8 rats
87 creatures vanquished.

Vanquished Creatures (others)
  A plant (D:1)
1 creature vanquished.

Grand Total: 88 creatures vanquished

Notes
Turn   | Place    | Note
-------+----------+-------------------------------------------
     0 | D:1      | Bergy the Gargoyle Fighter began the quest for the Orb.
     0 | D:1      | Reached XP level 1. HP: 14/14 MP: 1/1
   169 | D:1      | Reached XP level 2. HP: 18/19 MP: 2/2
   515 | D:1      | Reached skill level 3 in Maces & Flails
   944 | D:2      | Reached XP level 3. HP: 23/23 MP: 3/3
  1204 | D:2      | Reached skill level 4 in Maces & Flails
  1207 | D:2      | Reached XP level 4. HP: 13/28 MP: 4/4
  1960 | D:3      | Reached skill level 5 in Maces & Flails
  1965 | D:3      | Reached XP level 5. HP: 30/32 MP: 5/5
  2047 | D:3      | Found an ornate altar of the Wu Jian Council.
  2143 | D:3      | Found a hide-covered altar of Uskayaw.
  2829 | D:3      | HP: 1/32 [orc priest/divine providence (15)]
  2843 | D:3      | Killed from afar by an orc priest

Illustrated notes

Levels and vault maps discovered:
D:1:      dpeg_arrival_renting, layout_loops_corners, serial_bayou_pond_b,
          serial_bayou_ford_a
D:2:      layout_basic, serial_bayou_pond_e, cheibrodos_gnoll_hut
D:3:      layout_basic, pdpol_wu_jian_five_deadly_venoms,
          eat_drink_and_be_merry_uskayaw, chequers_serial_rivers_micro_d

Skill      XL: |  1  2  3  4 |
---------------+-------------+-----
Maces & Flails | 3 4 5 |  5.9
Fighting       | |  3.2
Armour         | |  3.2
Shields        | |  3.2

Action                   |  1- 3 |  4- 6 || total
-------------------------+-------+-------++-------
Melee: Flail             |   105 |   206 ||   311
  Use: Potion            |       |     2 ||     2
       Scroll            |       |     1 ||     1
Armor: Scale mail        |    48 |    91 ||   139
Dodge: Dodged            |    34 |    44 ||    78
Block: Kite shield       |    74 |   100 ||   174
